 Dungeon Crawl Stone Soup version 0.29.1-12-g30fa7ad0bf (webtiles) character file.

Game seed: 12583872037316692510

177 wormed the Trooper (level 5, 0/70 HPs)
             Began as a Minotaur Fighter on Dec 21, 2022.
             Slain by an orc wizard
             ... wielding a +0 dagger
              (2 damage)
             ... on level 3 of the Dungeon.
             The game lasted 00:02:59 (2388 turns).

wormed the Trooper (Minotaur Fighter)               Turns: 2388, Time: 00:03:00

Health: 0/70       AC: 22    Str: 23    XL:     5   Next: 30%
Magic:  4/4        EV:  2    Int:  5    God:
Gold:   105        SH:  4    Dex:  9    Spells: 4/4 levels left

rFire   . . .      SeeInvis .   e - +1 flail (holy)
rCold   . . .      Faith    .   c - +0 buckler
rNeg    . . .      Spirit   .   (body armour currently unavailable)
rPois   +          Reflect  .   (helmet currently unavailable)
rElec   .          Harm     .   (cloak currently unavailable)
rCorr   .          Rampage  .   (gloves currently unavailable)
Will    .....      NoTele   +   (boots currently unavailable)
Stlth   +.........              (no amulet)
HPRegen 0.21/turn               (no ring)
MPRegen 0.09/turn               (no ring)

@: tree-form
A: stationary, stasis, torment immunity, boosted hp, (horns 2), (retaliatory
headbutt)
a: no special abilities


You were on level 3 of the Dungeon.
You were a tree.
You visited 1 branch of the dungeon, and saw 3 of its levels.

You collected 105 gold pieces.

Inventory:

Hand Weapons
 e - a +1 flail of holy wrath (weapon)
Armour
 b - a +0 scale mail (melded)
 c - a +0 buckler (worn)
Scrolls
 a - 2 scrolls of teleportation {unknown}
 f - a scroll of noise {unknown}
 h - a scroll of poison {unknown}
 k - a scroll of immolation {unknown}
 m - 3 scrolls of fog {unknown}
 n - 3 scrolls of identify {unknown}
Potions
 d - a potion of might
 g - 2 potions of lignification
 i - 2 potions of ambrosia {unknown}
 j - a potion of heal wounds {unknown}
 l - 2 potions of curing {unknown}


   Skills:
 + Level 4.6 Fighting
 * Level 4.6 Maces & Flails
 + Level 4.6 Armour
 + Level 4.5 Shields


You had 4 spell levels left.
You didn't know any spells.
Your spell library contained the following spells:

 Spells                   Type           Power      Damage    Failure   Level
 Poisonous Vapours        Pois/Air       0%         N/A       71%         2
 Corpse Rot               Necr/Pois/Air  0%         N/A       100%        4


Dungeon Overview and Level Annotations

Branches:
Dungeon (3/15)

Altars:
Ashenzari


Innate Abilities, Weirdness & Mutations

You are a tree.
Your roots penetrate the ground, keeping you stationary.
You cannot be teleported.
You are immune to unholy pain and torment.
Your maximum health is greatly increased.
Your equipment is partially melded.
((You have a pair of horns on your head.))
((You reflexively headbutt those who attack you in melee.))


Message History

The orc hits you with a +0 club.
* * * LOW HITPOINT WARNING * * *
The rat bites you but does no damage.
The orc wizard gestures wildly while chanting.
The orc wizard flickers and vanishes!
Deactivating autopickup; reactivate with Ctrl-A.
The orc attacks as you move away! The orc hits you but does no damage.
The orc attacks as you move away! The orc completely misses you.
The orc hits you but does no damage. The orc attacks as you move away!
The orc hits you but does no damage. The rat attacks as you move away!
The rat bites you but does no damage.
You barely miss the orc. The orc hits you but does no damage.
You closely miss the orc. The orc hits you but does no damage.
You closely miss the orc. Your headbutt misses the orc. The orc misses you.
The orc hits you with a +0 club.
* * * LOW HITPOINT WARNING * * *
You closely miss the orc. You block the orc's attack.
You sock the orc!
You kill the orc!
You hit the rat.
You kill the rat!
You hit the orc.
The orc is moderately wounded.
Something hits you but does no damage.
You barely miss something. Something hits you.
* * * LOW HITPOINT WARNING * * *
You closely miss something. Your headbutt misses something. Something hits you.
* * * LOW HITPOINT WARNING * * *
You closely miss something. You block something's attack.
You thump something! Your headbutt misses something.
Something hits you but does no damage.
You barely miss something. Something hits you but does no damage.
Something hits you.
* * * LOW HITPOINT WARNING * * *
You miss something. You block something's attack.
You closely miss something. Something hits you but does no damage.
It was a potion of lignification.
You turn into a tree.
Your +0 scale mail melds into your body.
Your roots penetrate the ground.
Something hits you.
You die...

........... .........#
#.# ........# #.# .......
#.. .... ....... #.##
....## ###'#... #..#
......##...##.# #..#
...........##♣# #..###.#
...........##{# #<.....#
...........##o# #
##.####.#
......)..o.##o###.####).#
......†..o.##oo...#.†..##
.........{.....####.####
...............†....#
....######......##..# ...
#......##..#


You could see 4 orcs.

Vanquished Creatures
  Terence (D:2)
  Natasha (D:3)
  A gnoll (D:1)
  4 adders (D:2)
  A worm (D:2)
  A dart slug (D:1)
  3 orcs (D:3)
  9 endoplasms
  2 giant cockroaches
  9 goblins
  4 hobgoblins
  4 jackals (D:2)
  5 quokkas
  7 ball pythons
  2 bats
  3 frilled lizards
  5 kobolds
  5 rats
67 creatures vanquished.

Notes
Turn   | Place    | Note
-------+----------+-------------------------------------------
     0 | D:1      | wormed the Minotaur Fighter began the quest for the Orb.
     0 | D:1      | Reached XP level 1. HP: 19/19 MP: 0/0
    24 | D:1      | Reached XP level 2. HP: 26/27 MP: 1/1
   565 | D:1      | Reached XP level 3. HP: 33/33 MP: 2/2
  1322 | D:2      | Found a broken altar of Ashenzari.
  1430 | D:2      | Reached XP level 4. HP: 34/40 MP: 3/3
  1729 | D:2      | Noticed Terence
  1732 | D:2      | Killed Terence
  1833 | D:2      | Reached XP level 5. HP: 46/47 MP: 4/4
  2195 | D:3      | Noticed Natasha
  2203 | D:3      | Killed Natasha
  2385 | D:3      | HP: 1/47 [something (4)]
  2388 | D:3      | Slain by an orc wizard

Illustrated notes

Levels and vault maps discovered:
D:1:      eino_arrival_cavern_a, layout_basic
D:2:      minmay_inner_zag, layout_loops_ring, basic_altar, uniq_terence
D:3:      layout_basic, uniq_natasha

Skill      XL: |  1  2  3  4 |
---------------+-------------+-----
Maces & Flails | 3 4 |  4.6
Armour         | 4 |  4.6
Fighting       | 4 |  4.6
Shields        | 4 |  4.5

Action                   |  1- 3 |  4- 6 || total
-------------------------+-------+-------++-------
Melee: Flail             |    83 |    79 ||   162
       Headbutt          |    13 |     6 ||    19
  Use: Potion            |       |     1 ||     1
Armor: Scale mail        |    31 |    50 ||    81
Dodge: Dodged            |    30 |    33 ||    63
Block: Buckler           |    11 |    24 ||    35
